 Dungeon Sprint DCSS version 0.31-a0-1511-g961fd35ebc (webtiles) character file.

Game seed: 13570089616741895636

5913 Groucho the Thaumaturge (level 11, -2/90 HPs)
             Began as a Djinni Fire Elementalist on Dec 30, 2023.
             Was the Champion of Dithmenos.
             Slain by a death cob (20 damage)
             ... in the Dungeon (Sprint VII: "The Pits").
             The game lasted 00:10:54 (5883 turns).

Groucho the Thaumaturge (Djinni Fire Elementalist)  Turns: 5883, Time: 00:10:55

Health: -2/90      AC:  7    Str:  7    XL:     11   Next: 8%
Gold:   0          EV: 17    Int: 24    God:    Dithmenos [******] SH:  0 Dex: 14

rFire   + + .        j - +2 quarterstaff
rCold   x . .        (shield currently unavailable)
rNeg    . . .        a - +0 robe
rPois   ∞            q - +0 helmet
rElec   .            (no cloak)
rCorr   .            (no gloves)
SInv    .            (boots unavailable)
Will    +....        (no amulet)
Stlth   +++          k - +3 ring of intelligence
HPRegen 0.35/turn    l - +3 ring of protection
MPRegen 0.00/turn

%: no teleportation, infuse magic (-3 HP)
@: flying, slowed, wreathed by umbra, very slow
A: sickness immunity, fire resistance 2, cold vulnerability 1, float, innate
caster, HP casting, extra vitality 1
a: Renounce Religion, Shadow Step, Shadow Form


You were in the Dungeon.
You worshipped Dithmenos.
Dithmenos was exalted by your worship.
You visited 1 branch

Inventory:

Hand Weapons
 j - a +2 quarterstaff (weapon)
Armour
 a - a +0 robe (worn)
 q - a +0 helmet (worn)
Jewellery
 k - a +3 ring of intelligence (left hand)
 l - a +3 ring of protection (right hand)
Wands
 c - a wand of iceblast (12)
 o - a wand of charming (5)
Scrolls
 h - 2 scrolls of vulnerability
 i - a scroll of summoning
Potions
 b - 6 potions of curing
 d - 5 potions of haste
 e - 3 potions of berserk rage
 g - 2 potions of invisibility
 m - a potion of resistance
 n - 2 potions of mutation


   Skills:
 + Level 12.4 Fighting
 + Level 10.0 Armour
 + Level 11.2 Dodging
 - Level 1.5 Stealth
 * Level 13.9 Spellcasting
 * Level 13.9 Conjurations
 * Level 13.9 Hexes
   Level 0.0 Charms
 * Level 13.9 Summonings
 * Level 13.9 Necromancy
 * Level 13.9 Translocations
   Level 0.0 Transmutations
 * Level 13.9 Fire Magic
 * Level 13.9 Ice Magic
 * Level 13.9 Air Magic
 * Level 13.9 Earth Magic
 * Level 13.9 Alchemy


You knew the following spells:

 Your Spells              Type           Power      Damage    Failure   Level
a - Foxfire               Conj/Fire      100%       2x1d9     0%          1
b - Scorch                Fire           100%       2d9       1%          2
c - Volatile Blastmotes   Fire/Tloc      100%       2d18      1%          3
d - Inner Flame           Hex/Fire       71%        N/A       1%          3
e - Flame Wave            Conj/Fire      71%        2d16      1%          4
f - Apportation           Tloc           100%       N/A       0%          1
g - Call Imp              Summ           100%       N/A       1%          2
h - Ozocubu's Armour      Ice            71%        N/A       1%          3
i - Fugue of the Fallen   Necr           71%        N/A       1%          3
j - Summon Blazeheart Go  Fire/Summ      71%        N/A       1%          4
Your spell library was empty.

Dungeon Overview and Level Annotations

Branches:
Dungeon (1/1)

Altars:
Ashenzari
Cheibriados
Dithmenos
Elyvilon
Fedhas
Gozag
Hepliaklqana
Makhleb
Nemelex Xobeh
Okawaru
Qazlal
Ru
Trog
Uskayaw
Wu Jian
Xom
Yredelemnul
Zin
The Shining One
Jiyva
Lugonu


Innate Abilities, Weirdness & Mutations

You are immune to sickness and miasma.
You are immune to poison.
Your flesh is very heat resistant. (rF++)
You are vulnerable to cold. (rC-)
You float through the air rather than walking.
You learn spells naturally, not from books.
Your magical power is your life essence.
You have superior vitality. (+4 MHP)


Message History

The vampire knight flickers and vanishes!
Deactivating autopickup; reactivate with Ctrl-A.
A sun demon comes into view.
Unknown command.
Unknown command.
A wave of flame ripples out!
The flame wave engulfs the death cob.
The death cob is lightly damaged.
The flame wave engulfs the wraith!!
You destroy the wraith!
Dithmenos accepts your kill.
The flame wave engulfs the killer bee!
The killer bee is almost dead.
The flame wave engulfs the killer bee!!
You kill the killer bee!
Dithmenos accepts your kill.
The flame wave engulfs the killer bee!
You kill the killer bee!
Dithmenos accepts your kill.
The flame wave engulfs the sun demon.
The sun demon completely resists.
You finish channelling waves of flame.
The death cob closely misses you. The death cob hits you!
The death cob drains your vigour!
You feel yourself slow down. The death cob hits you!!
The death cob drains your vigour!
You feel as though you will be slow longer.
Your Armour skill increases to level 10!
Unknown command.
The death cob hits you! The death cob misses you. The death cob hits you!!
* * * LOW HITPOINT WARNING * * *
You emit a cloud of dark smoke.
The death cob drains your vigour!
You feel as though you will be slow longer.
The death cob completely misses you.
Unknown command.
Unknown command.
Unknown command.
Okay, then.
Blink to where?
Press: ? - help, Dir - move target
As you read the scroll of blinking, it crumbles to dust.
The death cob hits you!!
You die...

####'#####''#####
#.......##''##### ###########
#.......##......# #.........#
#.......##......# ##...§§..##
#...<...###....## ####§§§####
#.......# ##)(## ###..'§§§§3.#
#.......###....###....##§##y....#
#.......##......#....##...##....#
##########......@z...'.....+ ...+
##########......#....##...## ..#
...#..[.###....###....##'## .#
...#..[[# ##))## ###..'÷..+ .
...'..))# #....# ####...#
...#..))##......# #.......#
...#..))##......# #.........#
################# ###########


You could see a death cob.

Vanquished Creatures
  A flayed ghost (D)
  A cyclops (D)
  A manticore (D)
  An elephant (D)
  Joseph (D)
  2 gargoyles (D)
  2 komodo dragons (D)
  A guardian mummy (D)
  A tarantella (D)
  Grinder (D)
  A shadow (D)
  5 yaks (D)
  A wraith (D)
  2 steam dragons (D)
  A redback (D)
  An orc warrior (D)
  A black bear (D)
  An ogre (D)
  A laughing skull (D)
  A centaur (D)
  A phantom (D)
  A weeping skull (D)
  A bullfrog (D)
  4 killer bees (D)
  2 orc priests (D)
  A jelly (D)
  Jessica (D)
  Ijyb (D)
  An orc wizard (D)
  An adder (D)
  2 orcs (D)
  A bat skeleton (D)
  A bat zombie (D)
  An endoplasm (D)
  2 giant cockroaches (D)
  A hobgoblin (D)
  10 jackals (D)
  A kobold (D)
  A frilled lizard (D)
61 creatures vanquished.

Vanquished Creatures (others)
  28 foxfires (D)
28 creatures vanquished.

Grand Total: 89 creatures vanquished

Notes
Turn   | Place    | Note
-------+----------+-------------------------------------------
     0 | D        | Groucho the Djinni Fire Elementalist began the quest for
                  | the Orb.
     0 | D        | Groucho set off with the following spells memorised:
                  | Foxfire, Scorch, Volatile Blastmotes, Inner Flame, Flame
                  | Wave.
     0 | D        | Reached XP level 1. HP: 15/15 MP: 0/0
   110 | D        | Found a bloodstained altar of Trog.
   110 | D        | Found a viscous altar of Jiyva.
   110 | D        | Found a hazy altar of Hepliaklqana.
   110 | D        | Found an opulent altar of Gozag.
   111 | D        | Found a glowing golden altar of the Shining One.
   111 | D        | Found a glowing silver altar of Zin.
   111 | D        | Found a basalt altar of Yredelemnul.
   111 | D        | Found a shimmering altar of Xom.
   111 | D        | Found an ornate altar of the Wu Jian Council.
   111 | D        | Found a sacrificial altar of Ru.
   111 | D        | Found a stormy altar of Qazlal.
   111 | D        | Found an iron altar of Okawaru.
   111 | D        | Found a sparkling altar of Nemelex Xobeh.
   111 | D        | Found a burning altar of Makhleb.
   111 | D        | Found a blossoming altar of Fedhas.
   111 | D        | Found a white marble altar of Elyvilon.
   111 | D        | Found a shadowy altar of Dithmenos.
   111 | D        | Found a snail-covered altar of Cheibriados.
   113 | D        | Found a corrupted altar of Lugonu.
   114 | D        | Found a hide-covered altar of Uskayaw.
   114 | D        | Found a broken altar of Ashenzari.
   121 | D        | Became a worshipper of Dithmenos the Shadowed
   172 | D        | Reached skill level 1 in Fighting
   177 | D        | Reached * piety under Dithmenos
   178 | D        | Reached XP level 2. HP: 14/23 MP: 0/0
   556 | D        | Reached ** piety under Dithmenos
   571 | D        | Reached *** piety under Dithmenos
   581 | D        | Reached XP level 3. HP: 14/29 MP: 0/0
   581 | D        | Learned a level 1 spell: Apportation
   935 | D        | Noticed Ijyb
   936 | D        | Noticed Jessica
   942 | D        | Killed Jessica
   942 | D        | Reached **** piety under Dithmenos
   943 | D        | Reached XP level 4. HP: 14/37 MP: 0/0
   943 | D        | Noticed Grinder
   945 | D        | Killed Ijyb
   946 | D        | Reached XP level 5. HP: 21/42 MP: 0/0
   946 | D        | Learned a level 2 spell: Call Imp
   948 | D        | Reached ***** piety under Dithmenos
   949 | D        | Reached skill level 5 in Fighting
   955 | D        | Killed Grinder
   956 | D        | Reached XP level 6. HP: 26/53 MP: 0/0
  1259 | D        | Reached skill level 1 in Armour
  1259 | D        | Reached XP level 7. HP: 38/58 MP: 0/0
  1259 | D        | Learned a level 3 spell: Ozocubu's Armour
  1603 | D        | Noticed a guardian mummy
  1607 | D        | Killed a guardian mummy
  1608 | D        | Reached skill level 10 in Spellcasting
  1608 | D        | Reached skill level 10 in Conjurations
  1608 | D        | Reached skill level 10 in Hexes
  1608 | D        | Reached skill level 10 in Summonings
  1608 | D        | Reached skill level 10 in Necromancy
  1608 | D        | Reached skill level 10 in Translocations
  1608 | D        | Reached skill level 10 in Fire Magic
  1608 | D        | Reached skill level 10 in Ice Magic
  1608 | D        | Reached skill level 10 in Air Magic
  1608 | D        | Reached skill level 10 in Earth Magic
  1608 | D        | Reached skill level 10 in Alchemy
  2055 | D        | Reached skill level 5 in Dodging
  2055 | D        | Reached XP level 8. HP: 23/66 MP: 0/0
  2480 | D        | Noticed a manticore
  2482 | D        | Reached ****** piety under Dithmenos
  2483 | D        | Reached skill level 5 in Armour
  2485 | D        | Killed a manticore
  2933 | D        | Noticed a gargoyle
  2939 | D        | Killed a gargoyle
  2940 | D        | Reached XP level 9. HP: 52/74 MP: 0/0
  2940 | D        | Learned a level 3 spell: Fugue of the Fallen
  2941 | D        | Reached skill level 10 in Fighting
  3183 | D        | Noticed Joseph
  3183 | D        | Noticed a gargoyle
  3194 | D        | Killed a gargoyle
  3195 | D        | Killed Joseph
  3509 | D        | Noticed a tarantella
  3510 | D        | Noticed a flayed ghost
  3519 | D        | Killed a tarantella
  3520 | D        | Reached XP level 10. HP: 64/82 MP: 0/0
  3523 | D        | Killed a flayed ghost
  4100 | D        | Noticed a komodo dragon
  4102 | D        | Killed a komodo dragon
  4103 | D        | Reached skill level 10 in Dodging
  4529 | D        | Noticed a komodo dragon
  4537 | D        | Killed a komodo dragon
  5008 | D        | Noticed a cyclops
  5008 | D        | Noticed an elephant
  5230 | D        | Killed a cyclops
  5579 | D        | Killed an elephant
  5580 | D        | Reached XP level 11. HP: 76/90 MP: 0/0
  5580 | D        | Learned a level 4 spell: Summon Blazeheart Golem
  5875 | D        | Noticed a vampire knight
  5875 | D        | Noticed a death cob
  5878 | D        | Noticed a sun demon
  5880 | D        | Reached skill level 10 in Armour
  5883 | D        | Slain by a death cob

Illustrated notes

Levels and vault maps discovered:
D:        pitsprint [storerooms_1, entrance_room_1, metal_vault_2, armoury_3,
          mini_pit_1, grid_room_1, main_hall_1, silver_pit, the_coven_1,
          the_vestibule_1, steel_vault_5, golden_pit, hallway_of_sentries,
          crystal_vault_1, iron_vault_1, final_vault]

Skill      XL: |  1  2  3  4  5  6  7  8  9 10 11 |
---------------+----------------------------------+-----
Fighting       | 1 2 4 7 8 9 11 12 | 12.4
Spellcasting   | 4 6 9 10 11 12 13 | 13.9
Conjurations   | 4 6 9 10 11 12 13 | 13.9
Hexes          | 4 6 9 10 11 12 13 | 13.9
Summonings     | 4 6 9 10 11 12 13 | 13.9
Necromancy     | 4 6 9 10 11 12 13 | 13.9
Translocations | 4 6 9 10 11 12 13 | 13.9
Fire Magic     | 4 6 9 10 11 12 13 | 13.9
Ice Magic      | 4 6 9 10 11 12 13 | 13.9
Air Magic      | 4 6 9 10 11 12 13 | 13.9
Earth Magic    | 4 6 9 10 11 12 13 | 13.9
Alchemy        | 4 6 9 10 11 12 13 | 13.9
Armour         | 1 4 6 8 9 10 | 10.0
Dodging        | 3 5 7 9 11 | 11.2
Stealth        | |  1.5

Action                     |  1- 3 |  4- 6 |  7- 9 | 10-12 || total
---------------------------+-------+-------+-------+-------++-------
  Melee: Quarterstaff      |    10 |       |       |       ||    10
   Cast: Foxfire           |    20 |       |       |       ||    20
         Volatile Blastmot |     2 |     2 |       |       ||     4
         Scorch            |     1 |     6 |    26 |    20 ||    53
         Flame Wave        |       |     2 |     7 |     6 ||    15
         Ozocubu's Armour  |       |       |     2 |       ||     2
         Call Imp          |       |       |     2 |     1 ||     3
    Use: Potion            |     2 |     4 |     2 |     1 ||     9
         Scroll            |       |       |       |     1 ||     1
 Armour: Robe              |    26 |    15 |    19 |    23 ||    83
  Dodge: Dodged            |    39 |    10 |    21 |    24 ||    94

Table legend: (Time is in decaauts)
 A = Elapsed time spent in this place.
 B = Non-inter-level travel time spent in this place.
 C = Inter-level travel time spent in this place.
 D = Time resting spent in this place.
 E = Time spent auto-exploring this place.
 F = Levels seen in this place.
 G = Mean time per level.
                   A        B        C        D        E       F      G
               +--------+--------+--------+--------+--------+-----+--------+
         Total |   5886 |   5837 |     49 |   5333 |      1 |   1 | 5886.0 |
       Dungeon |   5886 |   5837 |     49 |   5333 |      1 |   1 | 5886.0 |
               +--------+--------+--------+--------+--------+-----+--------+

Top non-repeatable levels by time:
       D: 5886 daAuts
